 Dungeon Crawl Stone Soup version 0.20.1-1-g8b1a95d (webtiles) character file.

6532 Haldmier the Slicer (level 11, -4/84 HPs)
             Began as a Merfolk Ice Elementalist on Oct 15, 2017.
             Was a Follower of Ashenzari.
             Slain by a yak (14 damage)
             ... on level 8 of the Dungeon.
             The game lasted 00:59:29 (12055 turns).

Haldmier the Slicer (Merfolk Ice Elementalist)     Turns: 12055, Time: 00:59:30

Health: -4/84      AC: 14    Str: 10    XL:     11   Next: 1%
Magic:  12/17      EV: 13    Int: 16    God:    Ashenzari [*.....]
Gold:   239        SH:  5    Dex: 15    Spells: 4/18 levels left

rFire    + . .     SeeInvis .   u - +2 dagger (elec)
rCold    . . .     Gourm    .   E - +0 buckler (curse)
rNeg     . . .     Faith    .   K - +1 leather armour of Happy Babbling {rElec}
rPois    .         Spirit   .   v - +0 helmet
rElec    +         Reflect  .   (no cloak)
rCorr    .         Harm     .   g - +0 pair of gloves
MR       .....                  b - +0 pair of boots
Stlth    ++........             (no amulet)
Regen    0.3/turn               S - ring of protection from fire
MPRegen  0.2/turn               (no ring)

@: icy armour, slow
A: change form in water, swift swim, stealthy swim
a: Curse Item, Scrying, Renounce Religion


You were on level 8 of the Dungeon.
You worshipped Ashenzari.
Ashenzari was aware of your devotion.
You were hungry.

You visited 3 branches of the dungeon, and saw 10 of its levels.
You also visited: Ossuary.

You collected 374 gold pieces.
You spent 135 gold pieces at shops.

Inventory:

Hand Weapons
 a - a +0 spear
 h - a +1 falchion of electrocution
 u - a +2 dagger of electrocution (weapon)
 y - a +2 short sword of electrocution
 J - a +4 hunting sling
 V - a +0 dagger of venom
Missiles
 s - 106 stones (quivered)
 H - 34 sling bullets
 U - 7 tomahawks of returning
Armour
 b - a +0 pair of boots (worn)
 g - a +0 pair of gloves (worn)
 j - +1 pearl dragon scales
 m - a +2 robe of magic resistance
 v - a +0 helmet (worn)
 E - a cursed +0 buckler (worn)
 K - the +1 leather armour of Happy Babbling (worn) {rElec}
   (You found it on level 5 of the Dungeon)

   It insulates you from electricity.
 M - a +0 robe of fire resistance
 Q - a +0 leather armour of fire resistance
Jewellery
 S - a ring of protection from fire (left hand)
Wands
 F - a wand of confusion (24/48)
 N - a wand of digging (1/24)
 P - a wand of iceblast (5/15)
Scrolls
 d - 5 scrolls of identify
 i - 5 scrolls of remove curse
 l - 2 scrolls of magic mapping {unknown}
 n - 2 scrolls of blinking {unknown}
 w - a scroll of recharging
 A - 2 scrolls of immolation {unknown}
 B - a scroll of fear {unknown}
 D - 2 scrolls of amnesia
 O - 2 scrolls of enchant armour
Potions
 e - a potion of degeneration {unknown}
 k - 8 potions of curing
 q - a potion of magic {unknown}
 t - 2 potions of haste
 x - 2 potions of might {unknown}
 z - 3 potions of flight
 C - a potion of invisibility {unknown}
 I - 3 potions of cancellation {unknown}
 L - a potion of heal wounds {unknown}
 T - a potion of resistance {unknown}
Books
 r - a book of Frost

   Spells                             Type                      Level
   a - Freeze                         Ice                          1
   b - Throw Frost                    Conjuration/Ice              2
   c - Ozocubu's Armour               Charms/Ice                   3
   d - Throw Icicle                   Conjuration/Ice              4
   e - Summon Ice Beast               Ice/Summoning                4
 R - a book of Cantrips

   Spells                             Type                      Level
   a - Confusing Touch                Hexes                        1
   b - Animate Skeleton               Necromancy                   1
   c - Summon Small Mammal            Summoning                    1
   d - Apportation                    Translocation                1
Comestibles
 c - 9 bread rations
 f - 4 meat rations
 o - 5 fruits
 p - 4 chunks of flesh
 G - 4 royal jellies


   Skills:
 + Level 7.0 Fighting
 - Level 8.4 Short Blades
 - Level 1.7 Polearms
 - Level 4.0 Armour
 + Level 3.5 Dodging
 - Level 2.1 Stealth
 - Level 2.6 Shields
 - Level 4.0 Spellcasting
 - Level 4.0 Conjurations
 - Level 5.1 Charms
 - Level 5.0 Summonings
 + Level 7.7 Ice Magic


You had 4 spell levels left.
You knew the following spells:

 Your Spells              Type           Power        Failure   Level  Hunger
a - Freeze                Ice            ####         1%          1    None
b - Throw Frost           Conj/Ice       ###...       3%          2    ##.....
c - Ozocubu's Armour      Chrm/Ice       ###.....     5%          3    ###....
d - Summon Ice Beast      Ice/Summ       ###.....     19%         4    ####...
e - Throw Icicle          Conj/Ice       ###.....     22%         4    ####...


Dungeon Overview and Level Annotations

Branches:
Dungeon (8/15)             Temple (1/1) D:5            Lair (1/6) D:8

Altars:
Ashenzari
Cheibriados
Dithmenos
Elyvilon
Fedhas
Gozag
Hepliaklqana
Kikubaaqudgha
Makhleb
Nemelex Xobeh
Okawaru
Qazlal
Ru
Sif Muna
Trog
Uskayaw
Vehumet
Xom
Yredelemnul
Zin
The Shining One

Shops:
D:4 *   D:8 %*:?

Annotations:
D:2 Sigmund
D:6 bmj180's ghost, novice HOFi
D:8 Erica


Message History

The yak closely misses you.
You hit the yak but do no damage. Lightning courses through the yak!
You kill the yak!
You have reached level 11!
The yak gores you but does no damage. You block the yak's attack.
Okay, then.
Unknown command.
The yak gores you.
* * * LOW HITPOINT WARNING * * *
The yak closely misses you. The yak gores you.
* * * LOW HITPOINT WARNING * * *
You climb upwards.
Welcome back to the Dungeon!
Level annotation: Erica
There is a staircase to the Lair, spattered with blood here.
The yak closely misses you.
You see here a yak skeleton.
The yak gores you but does no damage. The yak gores you.
* * * LOW HITPOINT WARNING * * *
The yak gores you!
You die...

.....##........PP.P.....# #.....
.....##P.......♣........# #.....
.#.###.........(.....#######.....
.#..................P##..........
∩#####.......>.......##..........
.#.....♣....P.÷......[...........
.#.#..........YP.....##......####
.#.#..#.......YYP..P###...(..####
.#....#.........@PP...#####(.....
.###.###...PP..P...##.# #.(....
.###<.....♣...........# #.(....
.#.......##P.♣..####..# #.((...
#.......######## ..# #...(..
.#.......# .# ##....# ..)......#
#....# ##.......# #....#
#.......# .. #....#


You could see 3 yaks.

Vanquished Creatures
  Pikel (D:7)
  Joseph (D:8)
  Psyche (D:8)
  9 yaks
  A basilisk (D:8)
  A water moccasin (D:6)
  4 porcupines
  3 slaves (D:7)
  3 orc warriors
  A sky beast (D:4)
  3 phantoms
  3 ogres
  7 centaurs
  A crocodile (D:7)
  2 bullfrogs
  A wyvern zombie (Ossuary)
  A water moccasin skeleton (D:6)
  6 killer bees (D:7)
  3 bullfrog zombies
  2 crimson imps (D:5)
  2 centaur zombies
  3 quasits
  3 hounds
  A jelly (D:5)
  7 orc wizards
  A centaur skeleton (D:5)
  2 gnoll shamans (D:7)
  2 orc priests
  An iguana (D:5)
  10 mummies (Ossuary)
  Terence (D:3)
  3 worker ants
  2 killer bee zombies (Ossuary)
  3 hound zombies (Ossuary)
  Robin (D:2)
  3 howler monkey zombies
  2 worker ant zombies (Ossuary)
  12 gnolls
  6 adders
  2 shadow imps
  5 adder zombies
  An adder skeleton (D:4)
  3 worms (D:2)
  2 dart slugs
  3 leopard geckos
  24 orcs
  2 ball pythons
  3 giant cockroaches
  17 goblins
  7 hobgoblins
  12 jackals
  7 kobolds
  2 quokkas
  A ball python zombie (Ossuary)
  7 bats
  7 frilled lizards
  A giant cockroach zombie (Ossuary)
  A jackal skeleton (D:8)
  6 jackal zombies
  A leopard gecko skeleton (D:7)
  2 leopard gecko zombies
  4 quokka zombies (Ossuary)
  4 rats
  2 withered plants (Ossuary)
245 creatures vanquished.

Vanquished Creatures (others)
  A centaur (D:7)
  2 orcs (D:7)
  A bush (D:8)
  15 plants (D:8)
  A withered plant (Ossuary)
20 creatures vanquished.

Grand Total: 265 creatures vanquished

Notes
Turn   | Place    | Note
-------+----------+-------------------------------------------
     0 | D:1      | Haldmier the Merfolk Ice Elementalist began the quest for the Orb.
     0 | D:1      | Reached XP level 1. HP: 13/13 MP: 3/3
   134 | D:1      | Reached XP level 2. HP: 19/19 MP: 3/5
   138 | D:1      | Learned a level 2 spell: Throw Frost
  1090 | D:2      | Noticed Sigmund
  1215 | D:2      | Reached XP level 3. HP: 19/24 MP: 0/6
  1276 | D:2      | Learned a level 3 spell: Ozocubu's Armour
  1579 | D:2      | Reached skill level 1 in Polearms
  2465 | D:2      | Reached XP level 4. HP: 31/31 MP: 1/7
  2528 | D:2      | Reached skill level 1 in Conjurations
  2555 | D:2      | Noticed Robin
  2564 | D:2      | Killed Robin
  3134 | D:3      | Noticed Terence
  3143 | D:3      | Killed Terence
  3143 | D:3      | Reached skill level 1 in Fighting
  3143 | D:3      | Reached skill level 1 in Charms
  3143 | D:3      | Reached XP level 5. HP: 37/37 MP: 5/9
  3174 | D:3      | Found a basalt altar of Yredelemnul.
  3523 | D:4      | Found Wiparuat's Assorted Antiques.
  3838 | D:4      | Reached skill level 5 in Ice Magic
  3843 | D:4      | Noticed a phantom
  3846 | D:4      | Noticed a phantom
  3897 | D:4      | Killed a phantom
  3897 | D:4      | Reached XP level 6. HP: 37/44 MP: 10/10
  4003 | D:4      | Killed a phantom
  4094 | D:4      | Noticed a sky beast
  4132 | D:4      | Killed a sky beast
  4132 | D:4      | Reached XP level 7. HP: 33/51 MP: 10/12
  4984 | D:4      | Bought a buckler for 135 gold pieces
  5007 | D:5      | Entered Level 5 of the Dungeon
  5148 | D:5      | Reached skill level 1 in Armour
  5148 | D:5      | Reached skill level 1 in Shields
  5148 | D:5      | Reached XP level 8. HP: 48/58 MP: 13/13
  5220 | D:5      | Got a brightly glowing leather armour
  5260 | D:4      | Identified the +1 leather armour of Happy Babbling {rElec} (You found it on level 5 of the Dungeon)
  5502 | D:5      | Found a radiant altar of Vehumet.
  5591 | D:5      | Found a staircase to the Ecumenical Temple.
  5597 | Temple   | Entered the Ecumenical Temple
  5733 | Temple   | Became a worshipper of Ashenzari the Shackled
  6064 | D:6      | Reached skill level 1 in Short Blades
  6327 | D:6      | Noticed bmj180's ghost (novice HOFi)
  6709 | D:6      | Learned a level 4 spell: Summon Ice Beast
  6789 | D:6      | Found a stormy altar of Qazlal.
  6860 | D:6      | Found a bloodstained altar of Trog.
  6862 | D:6      | Found a glowing golden altar of the Shining One.
  6942 | D:6      | Reached skill level 2 in Short Blades
  6981 | D:6      | Reached skill level 1 in Summonings
  7337 | D:6      | Reached skill level 3 in Short Blades
  7337 | D:6      | Reached XP level 9. HP: 61/66 MP: 11/15
  8080 | D:7      | Noticed Pikel
  8211 | D:7      | Killed Pikel
  8211 | D:7      | Reached skill level 5 in Fighting
  8211 | D:7      | Reached skill level 4 in Short Blades
  8429 | D:7      | Reached skill level 5 in Short Blades
  8741 | D:7      | Reached * piety under Ashenzari
  9045 | D:8      | Noticed Joseph
  9075 | D:8      | Killed Joseph
  9193 | D:8      | Found a sand-covered staircase.
  9200 | D:8      | Noticed Psyche
  9207 | D:8      | Reached skill level 6 in Short Blades
  9246 | D:8      | Killed Psyche
  9246 | D:8      | Reached skill level 5 in Charms
  9246 | D:8      | Reached XP level 10. HP: 42/76 MP: 13/16
  9298 | D:8      | Noticed Erica
  9678 | Ossuary  | Entered an ossuary
  9760 | Ossuary  | Reached skill level 7 in Short Blades
 10343 | D:8      | Found a staircase to the Lair.
 10358 | D:7      | Learned a level 4 spell: Throw Icicle
 10404 | D:8      | Found Efoamom's Book Emporium.
 10535 | D:8      | Reached skill level 8 in Short Blades
 11048 | D:8      | Found Oschuum's General Store.
 11051 | D:8      | Found Hiseve's Food Shop.
 11192 | D:8      | Found a shimmering altar of Xom.
 11256 | D:8      | Found Noamasm's Magic Scroll Shoppe.
 11975 | Lair:1   | Entered Level 1 of the Lair of Beasts
 12037 | D:8      | Reached skill level 5 in Summonings
 12049 | Lair:1   | Reached XP level 11. HP: 19/84 MP: 11/17
 12055 | D:8      | Slain by a yak

Skill      XL: |  1  2  3  4  5  6  7  8  9 10 |
---------------+-------------------------------+-----
Ice Magic      | 4 5 6 7 |  7.7
Polearms       | 1 |  1.7
Conjurations   | 1 2 3 4 |  4.0
Fighting       | 1 2 3 4 5 7 |  7.0
Charms         | 1 2 3 5 |  5.1
Spellcasting   | 3 4 |  4.0
Armour         | 1 2 4 |  4.0
Shields        | 1 2 |  2.6
Short Blades   | 3 6 8 |  8.4
Summonings     | 1 3 5 |  5.0
Dodging        | 3 |  3.5
Stealth        | |  2.1

Action                   |  1- 3 |  4- 6 |  7- 9 | 10-12 || total
-------------------------+-------+-------+-------+-------++-------
Melee: Spear             |    28 |       |       |       ||    28
       Dagger            |       |   124 |   435 |   406 ||   965
       Whip              |       |    11 |       |       ||    11
 Fire: Hunting sling     |     5 |    12 |       |       ||    17
 Cast: Freeze            |    67 |    15 |    14 |    24 ||   120
       Ozocubu's Armour  |       |     2 |    18 |    19 ||    39
       Throw Frost       |       |       |     3 |     2 ||     5
       Summon Ice Beast  |       |       |       |     5 ||     5
Invok: Curse Item        |       |       |     1 |       ||     1
Evoke: Wand              |       |       |     2 |     1 ||     3
  Use: Scroll            |       |     5 |     6 |     1 ||    12
       Potion            |       |       |     4 |     1 ||     5
 Stab: Sleeping          |       |     3 |     1 |       ||     4
       Invisible         |       |       |     2 |       ||     2
  Eat: Chunk             |     6 |     5 |    16 |     6 ||    33
       Royal jelly       |       |       |     1 |     1 ||     2
       Fruit             |       |       |       |     5 ||     5
Armor: Robe              |     2 |       |       |       ||     2
       Leather armour    |     6 |    28 |   104 |    71 ||   209
       Pearl dragon scal |       |    15 |    51 |       ||    66
Dodge: Dodged            |    36 |    78 |   177 |   134 ||   425
Block: Buckler           |       |       |    73 |    52 ||   125
